 Dungeon Crawl Stone Soup version 0.21-a0-196-g6a663c0 (webtiles) character file.

1513 Noname the Cruncher (level 8, -2/64 HPs)
             Began as a Demigod Wanderer on Aug 15, 2017.
             Killed from afar by an electric eel (14 damage)
             ... with a bolt of electricity
             ... on level 6 of the Dungeon.
             The game lasted 00:10:01 (4829 turns).

Noname the Cruncher (Demigod Wanderer)              Turns: 4829, Time: 00:10:01

Health: -2/64      AC:  9    Str: 18    XL:     8   Next: 28%
Magic:  10/10      EV:  9    Int: 20    God:
Gold:   238        SH:  0    Dex: 17    Spells: 5/7 levels left

rFire    . . .     SeeInvis .   b - +2 quarterstaff (chaos)
rCold    . . .     Gourm    .   (shield currently unavailable)
rNeg     . . .     Faith    .   i - +0 scale mail
rPois    +         Spirit   .   E - +0 helmet (curse)
rElec    .         Reflect  .   v - +0 cloak
rCorr    .         Harm     .   (no gloves)
MR       .....                  (no boots)
Stlth    ..........             y - amulet of regeneration
HPRegen  0.60/turn              C - +5 ring of intelligence
MPRegen  0.12/turn              H - ring of poison resistance

@: flying
A: high mp 1
a: no special abilities


You were on level 6 of the Dungeon.
You were hungry.

You visited 1 branch of the dungeon, and saw 6 of its levels.

You collected 238 gold pieces.

Inventory:

Hand Weapons
 a - a +2 quarterstaff
 b - a +2 quarterstaff of chaos (weapon)
 m - a +0 great mace
 x - a +0 hunting sling
Missiles
 f - 36 sling bullets
 k - 149 stones (quivered)
 I - 21 bolts
Armour
 i - a +0 scale mail (worn)
 v - a +0 cloak (worn)
 E - a cursed +0 helmet (worn)
 L - a +0 chain mail
Jewellery
 y - an amulet of regeneration (around neck)
 C - a +5 ring of intelligence (left hand)
 H - a ring of poison resistance (right hand)
Wands
 A - a wand of polymorph (14/24)
 F - a wand of clouds (4/9)
Scrolls
 c - 2 scrolls of recharging {unknown}
 e - 2 scrolls of magic mapping {unknown}
 g - 4 scrolls of teleportation {unknown}
 j - 3 scrolls of remove curse {unknown}
 n - 3 scrolls of fog {unknown}
 o - 4 scrolls of random uselessness {unknown}
 p - a scroll of amnesia {unknown}
 s - a scroll of blinking {unknown}
 w - 5 scrolls of identify {unknown}
 D - a scroll of enchant armour {unknown}
Potions
 h - a potion of invisibility {unknown}
 r - 3 potions of flight
 t - a potion of haste {unknown}
 u - 5 potions of curing
 z - 2 potions of lignification {unknown}
 G - 3 potions of resistance {unknown}
Books
 q - a book of Minor Magic

   Spells                             Type                      Level
   a - Magic Dart                     Conjuration                  1
   b - Blink                          Translocation                2
   c - Call Imp                       Summoning                    2
   d - Slow                           Hexes                        2
   e - Conjure Flame                  Conjuration/Fire             3
   f - Mephitic Cloud                 Conjuration/Poison/Air       3
Comestibles
 d - 6 bread rations
 l - 4 meat rations
 B - 3 royal jellies
 J - 7 chunks of flesh
 K - 4 fruits


   Skills:
 - Level 3.6 Fighting
   Level 1.0 Axes
 * Level 8.9 Staves
 + Level 4.3 Armour
 - Level 1.0 Stealth
   Level 1.7 Shields


You had 5 spell levels left.
You knew the following spells:

 Your Spells              Type           Power        Failure   Level  Hunger
a - Blink                 Tloc           N/A          65%         2    ###....


Dungeon Overview and Level Annotations

Branches:
Dungeon (6/15)             Temple (0/1) D:4

Shops:
D:5 *


Innate Abilities, Weirdness & Mutations

You have an increased reservoir of magic. (+10% MP)


Message History

The adder bites you but does no damage.
The electric eel shoots out a bolt of lightning at you!
The bolt of electricity hits you!
* * * LOW HITPOINT WARNING * * *
The centaur hits you but does no damage.
You take 5 damage, and have 1/64 hp.
You feel better. The adder closely misses you.
The centaur completely misses you. The adder closely misses you.
You regained 7 hp, and now have 8/64 hp.
It was a potion of flight.
You feel very buoyant.
You fly up into the air.
The centaur hits you.
* * * LOW HITPOINT WARNING * * *
The adder barely misses you. The centaur hits you.
* * * LOW HITPOINT WARNING * * *
You take 4 damage, and have 4/64 hp.
You feel better. The centaur barely misses you.
The electric eel shoots out a bolt of lightning at you!
The bolt of electricity hits you!
You die...

#######...#.......#
#..........
................#
######.....
......####.(....#
#.....
.....#≈#≈≈≈##....#
#..... .....#≈≈≈≈≈
#....###### #..... ....
#≈≈#≈#≈##(.....>.#
#.....
###.#≈≈≈≈≈≈≈≈;........#
#(.... ≈≈
≈≈≈≈≈≈#(S......# ######
≈ ≈≈≈≈#≈##.@c.....#
#≈≈#≈≈≈≈.$........
≈≈###.......... #≈#
.......(.... ..
.............
#.#...........
#+############


You could see a centaur, an electric eel and an adder.

Vanquished Creatures
  The ghost of seren the Slasher, a novice DsAK of Lugonu (D:5)
  A hungry ghost (D:5)
  A water moccasin (D:6)
  The ghost of kraktruk the Cudgeler, an amateur GrGl (D:3)
  2 bullfrogs
  A scorpion (D:6)
  2 howler monkeys (D:4)
  3 crimson imps (D:5)
  Crazy Yiuf (D:2)
  A hound (D:5)
  6 orc wizards
  A jelly (D:6)
  3 worker ants
  A hound skeleton (D:5)
  9 adders
  A howler monkey skeleton (D:5)
  3 shadow imps (D:5)
  3 oozes
  A worm (D:2)
  A dart slug (D:2)
  3 leopard geckos
  10 orcs
  2 ball pythons
  5 giant cockroaches
  8 goblins
  8 hobgoblins
  4 jackals (D:2)
  3 quokkas
  5 bats
  3 frilled lizards
  5 kobolds
  A quokka skeleton (D:5)
  10 rats
110 creatures vanquished.

Notes
Turn   | Place    | Note
-------+----------+-------------------------------------------
     0 | D:1      | Noname the Demigod Wanderer began the quest for the Orb.
     0 | D:1      | Noname set off with: a +2 quarterstaff, 2 potions of curing, a +0 robe, a bread ration
     0 | D:1      | Reached XP level 1. HP: 19/19 MP: 3/3
    85 | D:1      | Reached skill level 2 in Staves
   280 | D:1      | Found a shattered altar of Ashenzari.
   386 | D:1      | Reached XP level 2. HP: 25/26 MP: 4/4
   711 | D:2      | Reached skill level 3 in Staves
   784 | D:2      | Found a runed door.
   788 | D:2      | Noticed Crazy Yiuf
   796 | D:2      | Killed Crazy Yiuf
   796 | D:2      | Reached XP level 3. HP: 14/31 MP: 5/5
  1396 | D:2      | Reached skill level 4 in Staves
  1419 | D:2      | Reached XP level 4. HP: 32/39 MP: 6/6
  2118 | D:3      | Noticed a bullfrog
  2124 | D:3      | Killed a bullfrog
  2124 | D:3      | Reached skill level 5 in Staves
  2124 | D:3      | Reached XP level 5. HP: 43/45 MP: 7/7
  2214 | D:3      | Noticed kraktruk's ghost (amateur GrGl)
  2265 | D:3      | Killed kraktruk's ghost
  2686 | D:4      | Reached skill level 6 in Staves
  2728 | D:4      | Reached XP level 6. HP: 33/51 MP: 8/8
  2736 | D:4      | Reached skill level 1 in Armour
  2874 | D:4      | Found a staircase to the Ecumenical Temple.
  3009 | D:4      | Learned a level 2 spell: Blink
  3542 | D:4      | Found a bloodstained altar of Trog.
  3632 | D:5      | Entered Level 5 of the Dungeon
  3641 | D:5      | Noticed seren's ghost (novice DsAK)
  3674 | D:5      | Killed seren's ghost
  3674 | D:5      | Reached skill level 7 in Staves
  3674 | D:5      | Reached XP level 7. HP: 26/57 MP: 9/9
  3935 | D:5      | Noticed a hungry ghost
  3959 | D:5      | Killed a hungry ghost
  3996 | D:5      | Found a shimmering altar of Xom.
  4037 | D:5      | Reached skill level 8 in Staves
  4060 | D:5      | Found a shadowy altar of Dithmenos.
  4132 | D:5      | Reached XP level 8. HP: 64/64 MP: 10/10
  4140 | D:5      | Found an opulent altar of Gozag.
  4155 | D:5      | Found Gozag's Platinum Reserve.
  4484 | D:6      | Found a white marble altar of Elyvilon.
  4605 | D:6      | Found a sacrificial altar of Ru.
  4791 | D:6      | Found a radiant altar of Vehumet.
  4826 | D:6      | HP: 1/64 [electric eel/bolt of electricity (11)]
  4829 | D:6      | Killed from afar by an electric eel

Vault maps used:
D:1:      tarquinn_simple_flora_water_b, minivault_27,
          nicolae_ashenzari_panopticon
D:2:      uniq_crazy_yiuf_cottage
D:3:      first_bread
D:4:      lightli_temple_of_fire, minmay_temple_entry_trees, grunt_ministairs_14
D:5:      nicolae_gozag_zags_fifth_avenue, led_xom_imps,
          nicolae_dithmenos_through_a_glass_darkly
D:6:      lemuel_crystal_altar, nicolae_ru_great_annihilating_truth,
          basic_altar, minivault_4

Skill      XL: |  1  2  3  4  5  6  7  8 |
---------------+-------------------------+-----
Staves         | 2 3 4 5 6 7 8 |  8.9
Armour         | 2 3 4 |  4.3
Fighting       | |  3.6
Axes           | |  1.0
Stealth        | |  1.0
Shields        | |  1.7

Action                   |  1- 3 |  4- 6 |  7- 9 || total
-------------------------+-------+-------+-------++-------
Melee: Quarterstaff      |    71 |   131 |   103 ||   305
Throw: Stone             |    15 |    19 |    14 ||    48
  Use: Potion            |       |       |     5 ||     5
 Stab: Sleeping          |     1 |       |       ||     1
       Distracted        |       |     1 |       ||     1
       Confused          |       |     1 |     3 ||     4
       Paralysed         |       |     1 |     1 ||     2
  Eat: Chunk             |     2 |     7 |     3 ||    12
Armor: Ring mail         |    13 |    37 |       ||    50
       Scale mail        |       |    13 |    39 ||    52
Dodge: Dodged            |    23 |    52 |    39 ||   114
